 Dungeon Crawl Stone Soup version 0.31-a0-1301-g7e11add784 (webtiles) character file.

Game seed: 17857483146459518484

37 Nattfarinn the Changeling (level 3, -3/31 HPs)
             Began as a Naga Shapeshifter on Dec 19, 2023.
             Slain by a worm (7 damage)
             ... on level 2 of the Dungeon.
             The game lasted 00:01:35 (1220 turns).

Nattfarinn the Changeling (Naga Shapeshifter)       Turns: 1220, Time: 00:01:35

Health: -3/31      AC:  2    Str: 18    XL:     3   Next: 39%
Magic:  3/3        EV:  9    Int: 10    God:
Gold:   66         SH:  0    Dex: 10    Spells: 2/2 levels left

rFire   . .          .
                       - Unarmed
rCold   . . .        (no shield)
rNeg    . . .        a - +0 animal skin
rPois   +            (helmet currently unavailable)
rElec   .            (cloak currently unavailable)
rCorr   .            (gloves currently unavailable)
SInv    +            (no barding)
Will    .....        (no amulet)
Stlth   +            (no ring)
HPRegen 0.25/turn    (no ring)
MPRegen 0.08/turn

%: no passive effects
@: beast-form, very slow
A: beast (slay +2), AC +1, large, see invisible, deformed body, poison
resistance, slowness 2, spit poison 1, naga tail 1
a: Spit Poison, Begin Untransformation


You were on level 2 of the Dungeon.
You were a hulking beast.
You visited 1 branch of the dungeon, and saw 2 of its levels.

You collected 88 gold pieces.
You spent 22 gold pieces at shops.

Inventory:

Armour
 a - a +0 animal skin (worn)
 g - a +0 pair of gloves
Talismans
 c - a beast talisman
 d - a flux talisman
Scrolls
 e - a scroll of immolation
 k - a scroll of identify
Potions
 b - 2 potions of lignification
 f - a potion of curing {unknown}
 h - a potion of enlightenment {unknown}
 i - a potion of resistance {unknown}
 j - a potion of attraction {unknown}
 l - a potion of invisibility {unknown}


   Skills:
 - Level 1.0 Fighting
 - Level 1.5 Dodging
 - Level 3.0 Unarmed Combat
 + Level 4.2 Shapeshifting


You had 2 spell levels left.
You didn't know any spells.
Your spell library contained the following spells:

 Spells                   Type           Power      Damage    Failure   Level
 Call Canine Familiar     Summ           0%         N/A       75%         3
 Sigil of Binding         Hex            0%         N/A       75%         3
 Dimensional Bullseye     Hex/Tloc       0%         N/A       98%         4


Dungeon Overview and Level Annotations

Branches:
Dungeon (2/15)

Altars:

Shops:
D:1 ?


Innate Abilities, Weirdness & Mutations

You are a hulking beast.
Your limbs bulge with bestial killing power. (Slay +2)
Your serpentine skin is tough. (AC +1)
You have supernaturally acute eyesight. (SInv)
Armour fits poorly on your strangely shaped body.
Your system is resistant to poisons. (rPois)
You cover ground very slowly.
You can spit poison.
You have a snake-like lower body.


Message History

A goblin comes into view. It is wielding a +0 club.
The goblin shouts!
The worm closely misses you.
You hit the worm but do no damage. The worm bites you.
You hit the worm.
The worm is lightly wounded.
You hit the worm.
The worm is heavily wounded.
You have got your breath back.
The worm bites you.
You are too injured to fight recklessly!
You are too injured to fight recklessly!
You are too injured to fight recklessly!
You are too injured to fight recklessly!
You are too injured to fight recklessly!
Aiming: Spit Poison (2% risk of failure)
Press: ? - help, Shift-Dir - straight line, f/p - worm
Aim: a worm (moderately wounded, 86% to hit)
The splash of poison hits the worm!
The worm is severely wounded.
The worm attacks as it pursues you! The worm bites you.
You have got your breath back.
The worm attacks as it pursues you! The worm barely misses you.
There is a stone staircase leading down here.
You hit the goblin.
The goblin is severely wounded.
The goblin barely misses you. The worm bites you.
* * * LOW HITPOINT WARNING * * *
You closely miss the goblin.
The goblin is severely wounded.
The goblin hits you with a +0 club.
* * * LOW HITPOINT WARNING * * *
Unknown command.
Found a ring mail.
The goblin hits you with a +0 club.
* * * LOW HITPOINT WARNING * * *
The goblin misses you. The goblin attacks as it pursues you!
The goblin hits you with a +0 club.
* * * LOW HITPOINT WARNING * * *
The worm attacks as it pursues you! The worm bites you!
You die...

........#.....##
##.## #.......##...#
..#
#......##...#####
.##
#............?..#
...#...|..#.........
#.........#.#...####
#.###..#...†#...#
#..##..w#.#.# #..
#.>gh.#..# #..
####..#..$. ...
##...#... #..#
....... #.. .....#
......# .......
....[..


You could see a worm and a goblin.

Vanquished Creatures
  A worm (D:2)
  3 dart slugs
  2 ball pythons (D:1)
  2 bats (D:1)
  2 endoplasms
  4 giant cockroaches
  2 hobgoblins (D:1)
  3 jackals (D:1)
  A frilled lizard (D:1)
  3 kobolds
  2 rats (D:1)
25 creatures vanquished.

Notes
Turn   | Place    | Note
-------+----------+-------------------------------------------
     0 | D:1      | Nattfarinn the Naga Shapeshifter began the quest for the
                  | Orb.
     0 | D:1      | Reached XP level 1. HP: 18/18 MP: 1/1
   233 | D:1      | Found Calaim's Magic Scroll Shop.
   242 | D:1      | Bought a scroll of identify for 22 gold pieces
   326 | D:1      | Reached XP level 2. HP: 22/25 MP: 2/2
   743 | D:1      | Found a faded altar of an unknown god.
   810 | D:1      | Reached XP level 3. HP: 31/31 MP: 3/3
   993 | D:2      | Reached skill level 4 in Shapeshifting
  1220 | D:2      | Slain by a worm

Illustrated notes

Levels and vault maps discovered:
D:1:      minmay_arrival_four_loops, layout_loops_ring,
          shapermc_ecumenical_altar_ellora, serial_shops, nicolae_diamond_shop
D:2:      layout_rooms, minmay_misc_feat_enclosed, minmay_crystal_room

Skill      XL: |  1  2  3 |
---------------+----------+-----
Shapeshifting  | 4 |  4.2
Fighting       | |  1.0
Dodging        | |  1.5
Unarmed Combat | |  3.0

Action                     || total
---------------------------++-------
  Melee: Unarmed           ||    46
         Punch             ||     1
Ability: Spit Poison       ||    19
    Use: Scroll            ||     1
 Armour: Animal skin       ||    37
  Dodge: Dodged            ||    28

Table legend: (Time is in decaauts)
 A = Elapsed time spent in this place.
 B = Non-inter-level travel time spent in this place.
 C = Inter-level travel time spent in this place.
 D = Time resting spent in this place.
 E = Time spent auto-exploring this place.
 F = Levels seen in this place.
 G = Mean time per level.
                   A        B        C        D        E       F      G
               +--------+--------+--------+--------+--------+-----+--------+
         Total |   1589 |   1505 |     84 |      0 |   1319 |   2 |  794.5 |
       Dungeon |   1589 |   1505 |     84 |      0 |   1319 |   2 |  794.5 |
               +--------+--------+--------+--------+--------+-----+--------+

Top non-repeatable levels by time:
     D:1: 1289 daAuts
     D:2: 299 daAuts
